 Dungeon Crawl Stone Soup version 0.18-a0-1203-gbde16db (webtiles) character file.

769 M4edhros the Sneak (level 7, -5/43 HPs)
             Began as an Octopode Artificer on Jan 31, 2016.
             Was an Initiate of Fedhas.
             Slain by Duvessa
             ... wielding a +0 short sword
              (16 damage)
             ... on level 5 of the Dungeon.
             The game lasted 00:06:52 (5001 turns).

M4edhros the Sneak (Octopode Artificer)             Turns: 5001, Time: 00:06:52

Health: -5/43      AC:  1    Str: 12    XL:     7   Next: 82%
Magic:  10/10      EV: 14    Int: 17    God:    Fedhas [......]
Gold:   280        SH:  0    Dex: 12    Spells: 0 memorised, 6 levels left

rFire  . . .     SeeInvis .     v - +1 dagger (elec)
rCold  . . .     Gourm    .     (no shield)
rNeg   . . .     Faith    .     (helmet restricted)
rPois  +         Spirit   .     w - amulet of regeneration
rElec  .         Dismiss  .     t - +2 ring of strength
rCorr  .         Reflect  .     h - ring of flight
SustAt .         Harm     .     k - ring of poison resistance
MR     .....                    (no ring)
Stlth  +++++.....               (no ring)
                                (no ring)
                                (no ring)
                                (no ring)

@: not resistant to hostile enchantments, quite stealthy
A: almost no armour, amphibious, 8 rings, constrict 8, camouflage 1, gelatinous
body 1
a: Renounce Religion, Evoke Flight


You were on level 5 of the Dungeon.
You worshipped Fedhas.
Fedhas was noncommittal.
You were near starving.

You visited 2 branches of the dungeon, and saw 6 of its levels.

You collected 280 gold pieces.

Inventory:

Hand Weapons
 a - a +0 short sword
 g - a +0 hunting sling
 v - a +1 dagger of electrocution (weapon)
Missiles
 p - 109 stones (quivered)
 r - 7 curare-tipped needles
Jewellery
 h - a ring of flight (right tentacle)
 k - a ring of poison resistance (on tentacle)
 n - an uncursed ring of ice
 t - a +2 ring of strength (left tentacle)
 w - an amulet of regeneration (around mantle)
Wands
 b - a wand of flame (15/48)
 c - a wand of enslavement (12/24)
 d - a wand of random effects (10/48)
 y - a wand of flame (27/48)
Scrolls
 m - a scroll of teleportation
 A - a scroll of amnesia {unknown}
 B - a scroll of remove curse
 C - 4 scrolls of identify
Potions
 e - a potion of lignification {unknown}
 i - a potion of ambrosia
 j - a potion of might {unknown}
 q - a potion of agility {unknown}
 s - a potion of curing {unknown}
 u - 2 potions of heal wounds {unknown}
 x - a potion of poison {unknown}
 z - a potion of haste {unknown}
Comestibles
 f - 8 bread rations
 l - a beef jerky
 o - 2 meat rations


   Skills:
 - Level 1.0 Fighting
 - Level 1.0 Short Blades
 * Level 5.9 Dodging
 * Level 7.4 Stealth
 + Level 5.1 Evocations


You had 6 spell levels left.
You didn't know any spells.

Dungeon Overview and Level Annotations

Branches:
Dungeon (5/15)             Temple (1/1) D:5

Altars:
Ashenzari
Cheibriados
Dithmenos
Elyvilon
Fedhas
Okawaru
Pakellas
Sif Muna
Trog
Vehumet
Yredelemnul

Annotations:
D:5 Duvessa


Innate Abilities, Weirdness & Mutations

You cannot wear most types of armour.
You are amphibious.
You can wear up to eight rings at the same time.
You can use your tentacles to constrict eight enemies at once.
Your skin changes colour to match your surroundings (Stealth).
Your rubbery body absorbs attacks (AC +1).


Message History

Duvessa goes berserk!
Duvessa hits you with a short sword.
Duvessa is nearby!
You hit Duvessa. You grab Duvessa.
Duvessa is lightly wounded.
You constrict Duvessa. Duvessa hits you with a short sword!
You hit Duvessa but do no damage.
Duvessa is lightly wounded.
You constrict Duvessa. Duvessa hits you with a short sword!
Drink which item? (? for menu, Esc to quit)
Okay, then.
Evoke which item? (* to show all) (? for menu, Esc to quit)
Zapping:
c - a wand of enslavement (13/24)
Press: ? - help, Shift-Dir - straight line, f - Duvessa
Aim: Duvessa, wielding a short sword (lightly wounded, constricted by you, berserk, fast, unusually strong, chance to defeat MR: 38%) Duvessa resists with some effort.
This wand has 12 charges left.
You constrict Duvessa. Duvessa hits you with a short sword!
* * * LOW HITPOINT WARNING * * *
Duvessa hits you with a short sword!
You die...
Fedhas appreciates your contribution to the ecosystem.

+...... #.. #.)....
#.. #...... #..###
####..> #....# +...
#....+ #... #....#
#... #..e)# #...
####@##+#######+##...
#....)....<.........#
#...................'
#...................#
#...................#
#...................#
#######+####+##....##
.......#....#.
.......'....#.


You could see Duvessa (berserk).

Vanquished Creatures
  An ogre (D:5)
  Blork the orc (D:5)
  Dowan (D:5)
  A water moccasin skeleton (D:4)
  A crimson imp (D:4)
  A hound (D:4)
  An orc priest (D:4)
  2 orc wizards (D:4)
  An iguana (D:4)
  3 worker ants (D:4)
  Ijyb (D:2)
  3 hound skeletons (D:4)
  3 gnolls (D:4)
  8 adders
  2 oozes
  A giant gecko (D:3)
  14 orcs
  3 bats
  3 giant cockroaches
  11 hobgoblins
  2 jackals (D:3)
  4 quokkas
  A ball python (D:2)
  A giant gecko skeleton (D:4)
  A giant newt (D:5)
  14 goblins
  8 kobolds
  8 rats
101 creatures vanquished.

Vanquished Creatures (others)
  An orc priest (D:4)
  13 toadstools
14 creatures vanquished.

Grand Total: 115 creatures vanquished

Notes
Turn   | Place    | Note
--------------------------------------------------------------
     0 | D:1      | M4edhros the Octopode Artificer began the quest for the Orb.
     0 | D:1      | Reached XP level 1. HP: 13/13 MP: 3/3
    84 | D:1      | Reached XP level 2. HP: 6/18 MP: 4/4
   769 | D:2      | Found a deep blue altar of Sif Muna.
   785 | D:2      | Reached XP level 3. HP: 17/23 MP: 5/5
  1589 | D:3      | Reached XP level 4. HP: 20/28 MP: 6/6
  1699 | D:4      | Reached skill level 4 in Stealth
  1699 | D:4      | Reached XP level 5. HP: 29/33 MP: 7/7
  2201 | D:4      | Reached skill level 5 in Stealth
  2206 | D:4      | Reached XP level 6. HP: 9/38 MP: 9/9
  2716 | D:4      | Reached skill level 6 in Stealth
  2721 | D:4      | Reached skill level 5 in Dodging
  2759 | D:4      | Reached XP level 7. HP: 38/43 MP: 10/10
  3039 | D:5      | Entered Level 5 of the Dungeon
  3191 | D:5      | Found a blossoming altar of Fedhas.
  3197 | D:5      | Found a staircase to the Ecumenical Temple.
  3206 | Temple   | Entered the Ecumenical Temple
  3272 | D:5      | Became a worshipper of Fedhas Madash
  3635 | D:2      | Noticed Ijyb
  3668 | D:2      | Killed Ijyb
  4120 | D:3      | Reached skill level 7 in Stealth
  4567 | D:5      | Found a shattered altar of Ashenzari.
  4868 | D:5      | Noticed Blork the orc
  4874 | D:5      | Killed Blork the orc
  4874 | D:5      | Reached skill level 5 in Evocations
  4996 | D:5      | Noticed Duvessa
  4996 | D:5      | Noticed Dowan
  4998 | D:5      | Killed Dowan
  5001 | D:5      | Slain by Duvessa

Vault maps used:
D:1:      roderic_chinese_lattice_arrival
D:2:      kennysheep_the_goblin_king, overflow_temple_1_default,
          kennysheep_doodads
D:3:      first_bread
D:5:      nicolae_overflow_crystal_walls, lemuel_doored_altar,
          uniq_blork_the_orc, uniq_duvessa
Temple:   minmay_temple_bridge_c_8

Action                   |  1- 3 |  4- 6 |  7- 9 || total
-------------------------+-------+-------+-------++-------
Melee: Short sword       |    76 |    23 |       ||    99
       Dagger            |       |    55 |   100 ||   155
Evoke: Wand              |       |     7 |     1 ||     8
  Use: Scroll            |     7 |       |       ||     7
       Potion            |       |     1 |       ||     1
 Stab: Sleeping          |     7 |     3 |     6 ||    16
       Distracted        |       |       |     1 ||     1
  Eat: Chunk             |     1 |     4 |     1 ||     6
       Royal jelly       |       |       |     1 ||     1
       Pizza             |       |       |     1 ||     1
       Beef jerky        |       |       |     1 ||     1
